 Dungeon Crawl Stone Soup version 0.30.0-15-g856e2d3f33 (webtiles) character file.

Game seed: 12898753113146458520

6257 adizb the Protected (level 10, -3/94 HPs)
             Began as an Armataur Fighter on May 20, 2023.
             Was an Elder of Cheibriados.
             Slain by an orc warrior
             ... wielding a +0 battleaxe
              (14 damage)
             ... on level 2 of the Orcish Mines.
             The game lasted 00:32:29 (6602 turns).

adizb the Protected (Armataur Fighter)              Turns: 6602, Time: 00:32:33

Health: -3/94      AC: 27    Str: 36    XL:     10   Next: 62%
Magic:  12/12      EV: 10    Int: 18    God:    Cheibriados [****..]
Gold:   911        SH: 12    Dex: 20    Spells: 9/9 levels left

rFire   + . .        d - +4 flail (protect)
rCold   + . .        p - +0 kite shield
rNeg    . . .        B - +0 gold dragon scales
rPois   +            o - +0 helmet
rElec   .            F - +0 cloak
rCorr   .            (no gloves)
SInv    .            (no barding)
Will    +....        (no amulet) Stlth
                     t - +5 ring of evasion
HPRegen 0.35/turn    x - ring of willpower
MPRegen 0.13/turn

%: roll
@: under a protective aura, flying, very slow
A: large, rugged brown scales 3, deformed body, armoured tail, roll, long
tongue, awkward tongue, hooves 1, poison resistance, sturdy frame 1
a: Renounce Religion, Bend Time, Temporal Distortion, Slouch


You were on level 2 of the Orcish Mines.
You worshipped Cheibriados.
Cheibriados was greatly pleased with you.
You visited 2 branches of the dungeon, and saw 11 of its levels.

You collected 911 gold pieces.

Inventory:

Hand Weapons
 d - a +4 flail of protection (weapon)
 y - a +0 war axe of flaming
 E - a +2 flail of holy wrath
Armour
 o - a +0 helmet (worn)
 p - a +0 kite shield (worn)
 B - +0 gold dragon scales (worn)
 F - a +0 cloak (worn)
Jewellery
 h - an amulet of magic regeneration
 k - a +6 ring of dexterity
 t - a +5 ring of evasion (left hand)
 x - a ring of willpower (right hand)
Wands
 u - a wand of charming (8)
 D - a wand of polymorph (6)
Scrolls
 b - 2 scrolls of magic mapping
 c - a scroll of amnesia
 j - 6 scrolls of teleportation
 n - 2 scrolls of silence
 w - a scroll of enchant armour {unknown}
 A - a scroll of poison
Potions
 a - a potion of ambrosia
 l - 3 potions of lignification
 m - a potion of invisibility
 r - a potion of haste
 s - 3 potions of brilliance


   Skills:
 + Level 8.2 Fighting
 - Level 2.0 Maces & Flails
 * Level 14.4 Armour
 + Level 7.7 Shields
 - Level 3.0 Invocations


You had 9 spell levels left.
You didn't know any spells.
Your spell library contained the following spells:

 Spells                   Type           Power      Damage    Failure   Level
 Blink                    Tloc           0%         N/A       98%         2
 Manifold Assault         Tloc           0%         N/A       100%        4
 Storm Form               Tmut/Air       0%         N/A       100%        7


Dungeon Overview and Level Annotations

Branches:
Dungeon (9/15)             Temple (0/1) D:4            Lair (0/5) D:8
    Orc (2/2) D:9             Elf (0/3) Orc:2

Altars:
Ashenzari
Cheibriados
Gozag
Nemelex Xobeh
Ru
Sif Muna


Innate Abilities, Weirdness & Mutations

You are completely covered in rugged brown scales. (AC +3, +7% HP)
Armour fits poorly on your strangely shaped body.
You have a long armoured tail.
You roll when moving toward enemies. (Rampage)
Your long tongue fully drains potion bottles. (2x potion effects)
Your tongue gives you trouble enunciating. (1.5x scroll delay)
You have large cloven feet.
Your system is resistant to poisons. (rPois)
Your movements are slightly less encumbered by armour. (ER -2)


Message History

You fly up into the air.
You slurp down every last drop of the potion of flight!
The orc no longer looks unusually strong.
Your orc warrior hits the orc from afar with a +0 glaive!
The orc dies!
Cheibriados appreciates the change of pace.
You block the orc warrior's attack.
The orc sorcerer casts a spell.
Send 'em back where they came from!
Your orc warrior shudders.
Your orc dissolves into shadows!
Your orc priest dissolves into shadows!
Your orc warrior shudders.
Your orc dissolves into shadows!
Your troll shudders.
Your orc warrior hits the orc warrior with a +0 flail.
The rust devil hits your orc warrior.
Your orc warrior seems to be corroded for longer.
It was a potion of mutation.
You feel extremely strange.
Your feet thicken and deform.
You feel less encumbered by your armour.
You feel resistant to poisons.
You slurp down every last drop of the potion of mutation!
The orc no longer looks unusually strong.
The orc warrior closely misses you.
Your orc warrior hits the rust devil but does no damage.
The orc warrior hits you with a +0 scimitar!
* * * LOW HITPOINT WARNING * * *
The orc barely misses you.
The orc sorcerer hits your troll with a +0 dagger!
Your orc warrior hits the orc warrior with a +0 flail!
The rust devil hits your orc warrior.
Your orc warrior seems to be corroded for longer.
Okay, then.
Okay, then.
You sock the orc warrior!
Your weapon exudes an aura of protection.
Your kick misses the orc warrior.
The orc warrior is almost dead.
The orc warrior no longer looks unusually strong.
The orc no longer looks unusually strong.
The orc warrior hits you with a +0 battleaxe!
You die...

....#.###........##....
... ###.#.)...........# .
#))).....#........
#.o......##.......
###oo..............
#####.#o4oo............
###.#..oTo...............
##......oooo#.............
#........@o...............
##....##..................
##...##..........#.......
##.###.....#...##.......
### ##.#.#.............
###.#.............
#.........<......
##...............
#................


You could see a rust devil (summoned, ally target), an orc sorcerer (strong,
distracted, ally target), 2 orc warriors, an orc priest, 6 orcs, a friendly
troll (summoned, paralysed), 2 friendly orc warriors and a friendly orc
(summoned).

Vanquished Creatures
  A two-headed ogre (D:8)
  An orc knight (Orc:2)
  Maurice (Orc:1)
  A komodo dragon (D:8)
  2 kobold demonologists (D:7)
  A troll (Orc:1)
  A hornet (D:9)
  Sigmund (D:5)
  A steam dragon (D:8)
  Edmund (D:4)
  2 water moccasins (D:7)
  5 orc warriors
  2 ice beasts (D:7)
  A black bear (D:4)
  6 ogres
  3 centaurs
  4 phantoms
  3 scorpions
  2 bullfrogs
  3 killer bees (D:8)
  3 howler monkeys (D:7)
  3 hounds
  5 orc priests
  A jelly (D:7)
  2 gnoll boudas
  2 iguanas (D:5)
  7 orc wizards
  7 gnolls
  5 adders
  2 white imps
  4 worms
  A dart slug (D:4)
  30 orcs
  8 endoplasms
  A giant cockroach (D:2)
  8 goblins
  4 hobgoblins
  9 kobolds
  7 quokkas
  6 ball pythons
  6 bats
  3 frilled lizards
  3 rats
169 creatures vanquished.

Vanquished Creatures (collateral kills)
  2 orcs (Orc:2)
2 creatures vanquished.

Grand Total: 171 creatures vanquished

Notes
Turn   | Place    | Note
-------+----------+-------------------------------------------
     0 | D:1      | adizb the Armataur Fighter began the quest for the Orb.
     0 | D:1      | Reached XP level 1. HP: 19/19 MP: 1/1
   172 | D:1      | Reached skill level 4 in Armour
   239 | D:1      | Reached XP level 2. HP: 26/26 MP: 2/2
   875 | D:2      | Found a snail-covered altar of Cheibriados.
   896 | D:2      | Became a worshipper of Cheibriados the Contemplative
   959 | D:2      | Reached XP level 3. HP: 33/33 MP: 3/3
  1633 | D:3      | Reached skill level 5 in Armour
  1858 | D:3      | Noticed a phantom
  1870 | D:3      | Killed a phantom
  1871 | D:3      | Reached skill level 6 in Armour
  1871 | D:3      | Reached XP level 4. HP: 36/41 MP: 4/4
  1873 | D:3      | Reached * piety under Cheibriados
  1916 | D:3      | Found a sparkling altar of Nemelex Xobeh.
  1986 | D:3      | Reached XP level 5. HP: 25/49 MP: 5/5
  2391 | D:4      | Noticed a black bear
  2399 | D:4      | Killed a black bear
  2400 | D:4      | Reached skill level 7 in Armour
  2400 | D:4      | Reached XP level 6. HP: 35/55 MP: 6/6
  2698 | D:4      | Found a staircase to the Ecumenical Temple.
  2838 | D:4      | Found a broken altar of Ashenzari.
  2854 | D:4      | Found a shimmering blue altar of Sif Muna.
  2871 | D:4      | Reached ** piety under Cheibriados
  2874 | D:4      | Noticed Edmund
  2896 | D:4      | Killed Edmund
  2897 | D:4      | Reached skill level 8 in Armour
  2897 | D:4      | Reached XP level 7. HP: 8/64 MP: 7/7
  2904 | D:4      | Identified the +3 long sword of Mofox {holy, Str+3}
  3003 | D:4      | Found a sacrificial altar of Ru.
  3015 | D:4      | Found an opulent altar of Gozag.
  3092 | D:5      | Entered Level 5 of the Dungeon
  3409 | D:5      | Reached skill level 5 in Fighting
  3648 | D:5      | Noticed Sigmund
  3654 | D:5      | Killed Sigmund
  3655 | D:5      | Reached skill level 9 in Armour
  3824 | D:5      | Reached XP level 8. HP: 73/73 MP: 8/8
  3835 | D:5      | Reached skill level 10 in Armour
  4625 | D:7      | Reached *** piety under Cheibriados
  4786 | D:7      | Noticed a kobold demonologist
  4786 | D:7      | Noticed a kobold demonologist
  4793 | D:7      | Killed a kobold demonologist
  4794 | D:7      | Reached skill level 11 in Armour
  4808 | D:7      | Killed a kobold demonologist
  4809 | D:7      | Reached skill level 5 in Shields
  4809 | D:7      | Reached XP level 9. HP: 80/83 MP: 9/9
  4956 | D:7      | You fall into a shaft and drop 2 floors!
  5037 | D:8      | Reached skill level 12 in Armour
  5402 | D:7      | Reached **** piety under Cheibriados
  5440 | D:7      | Reached skill level 13 in Armour
  5550 | D:8      | Noticed a two-headed ogre
  5558 | D:8      | Killed a two-headed ogre
  5559 | D:8      | Reached skill level 1 in Invocations
  5559 | D:8      | Reached XP level 10. HP: 51/92 MP: 6/11
  5875 | D:8      | Found a staircase to the Lair.
  6008 | D:9      | Found a staircase to the Orcish Mines.
  6036 | Orc:1    | Entered Level 1 of the Orcish Mines
  6122 | Orc:1    | Noticed Maurice
  6147 | Orc:1    | Killed Maurice
  6147 | Orc:1    | Reached ***** piety under Cheibriados
  6170 | Orc:1    | Reached skill level 14 in Armour
  6338 | Orc:2    | Entered Level 2 of the Orcish Mines
  6426 | Orc:2    | Found a staircase to the Elven Halls.
  6552 | Orc:2    | Noticed an orc knight
  6556 | Orc:2    | Noticed an orc sorcerer
  6582 | Orc:2    | Noticed an orange demon
  6588 | Orc:2    | Killed an orc knight
  6593 | Orc:2    | HP: 2/94 [orc priest/divine providence[an orc knight] (15)]
  6597 | Orc:2    | Noticed a rust devil
  6601 | Orc:2    | Gained mutation: You have large cloven feet. [potion of
                  | mutation]
  6601 | Orc:2    | Gained mutation: Your movements are slightly less
                  | encumbered by armour. (ER -2) [potion of mutation]
  6601 | Orc:2    | Gained mutation: Your system is resistant to poisons.
                  | (rPois) [potion of mutation]
  6602 | Orc:2    | Slain by an orc warrior

Illustrated notes

Levels and vault maps discovered:
D:1:      nicolae_arrival_somewhat_less_tricky_arrival, layout_basic
D:2:      layout_rooms, basic_altar, minivault_14
D:3:      layout_loops_corners, mainiacjoe_overflow_alcove_2,
          kennysheep_generic_room_5
D:4:      layout_loops_corners, nicolae_overflow_quartered_altars,
          temple_fountains, uniq_edmund
D:5:      layout_gridville, uniq_sigmund
D:6:      layout_loops_ring, glass_columns_b
D:7:      layout_basic, chequers_serial_rivers_micro_d,
          chequers_serial_rivers_small_a
D:8:      layout_cave_pools, david_lair_shrubbed
D:9:      layout_stronghold, minmay_orc_entry_temple_small
Orc:1:    layout_caves, uniq_maurice
Orc:2:    st_orc_pillars, layout_caves, basic_altar

Skill      XL: |  1  2  3  4  5  6  7  8  9 10 |
---------------+-------------------------------+-----
Armour         | 4 6 7 8 9 11 13 14 | 14.4
Fighting       | 3 4 5 6 7 8 |  8.2
Maces & Flails | 2 |  2.0
Shields        | 5 6 7 |  7.7
Invocations    | 1 3 |  3.0

Action                     |  1- 3 |  4- 6 |  7- 9 | 10-12 || total
---------------------------+-------+-------+-------+-------++-------
  Melee: Flail             |   130 |   110 |   246 |   150 ||   636
         Tailslap          |    13 |    16 |    40 |    24 ||    93
 Invoke: Bend Time         |       |       |     1 |     2 ||     3
         Temporal Distorti |       |       |       |     1 ||     1
    Use: Scroll            |     2 |       |     9 |     3 ||    14
         Potion            |       |     1 |       |     9 ||    10
 Armour: Scale mail        |    51 |       |       |       ||    51
         Chain mail        |    35 |    74 |    98 |       ||   207
         Plate armour      |       |       |    39 |    17 ||    56
         Gold dragon scale |       |       |       |    75 ||    75
         Skin              |       |       |       |     1 ||     1
  Dodge: Dodged            |    39 |    42 |   125 |    74 ||   280
  Block: Buckler           |    20 |    32 |    26 |       ||    78
         Kite shield       |       |       |    95 |   115 ||   210
